[Event "December 19 Early 2023"]
[Site "https://www.chess.com"]
[Date "2023.12.19"]
[Round "11"]
[White "Buscar, Michael"]
[Black "Mizzi, Jack"]
[Result "1/2-1/2"]
[Board "113"]
[TimeControl "180+1"]
[WhiteFideId "2603616"]
[BlackFideId "5602521"]
[WhiteElo "2010"]
[BlackElo "2127"]
[WhiteTeam "CAN"]
[BlackTeam "MLT"]
[WhiteClock "0:00:50"]
[BlackClock "0:00:05"]

1. d4 Nf6 2. c4 e6 3. Nc3 Bb4 4. e4 Nxe4 5. Qc2 d5 6. Bd3 f5 7. Nf3 O-O 8. O-O Bxc3 9. bxc3 c5 10. Ne5 Nc6 11. Nxc6 bxc6 12. cxd5 cxd5 13. Ba3 Qa5 14. Qb2 Ba6 15. Bxa6 Qxa6 16. f3 Rab8 17. Qc1 Nd2 18. Bxc5 Nxf1 19. Bxf8 Kxf8 20. Qxf1 Qxf1+ 21. Rxf1 Rb2 22. Rf2 Rb1+ 23. Rf1 Rb6 24. Re1 Ke7 25. Kf2 f4 26. g3 fxg3+ 27. hxg3 a5 28. Ke3 a4 29. Re2 a3 30. Kd3 Kd6 31. g4 Ke7 32. c4 dxc4+ 33. Kxc4 Rb2 34. Kd3 Rxe2 35. Kxe2 Kf6 36. Ke3 Ke7 37. Ke4 Kd6 38. f4 h6 39. f5 exf5+ 40. Kxf5 Kd5 41. Kg6 Kxd4 42. Kxg7 Kc3 43. Kxh6 Kb2 44. g5 Kxa2 45. g6 Kb1 46. g7 a2 47. g8=Q a1=Q 48. Qg1+ Ka2 49. Qa7+ Kb2 50. Qd4+ Ka2 51. Qxa1+ Kxa1 1/2-1/2

[Event "December 19 Early 2023"]
[Site "https://www.chess.com"]
[Date "2023.12.19"]
[Round "11"]
[White "Pogorelskikh, Sofia"]
[Black "Marchesich, Giovanni"]
[Result "0-1"]
[Board "114"]
[TimeControl "180+1"]
[WhiteFideId "44164548"]
[BlackFideId "2824790"]
[WhiteElo "2031"]
[BlackElo "2198"]
[WhiteTeam "SRB"]
[BlackTeam "ITA"]
[WhiteClock "0:00:00"]
[BlackClock "0:00:47"]

1. e4 e5 2. Nf3 Nc6 3. Nc3 Nf6 4. d4 Bb4 5. Nxe5 Bxc3+ 6. bxc3 Qe7 7. Nxc6 Qxe4+ 8. Be2 dxc6 9. O-O O-O 10. Bf3 Qg6 11. Re1 Bf5 12. Bf4 Bxc2 13. Qd2 Be4 14. Bxe4 Nxe4 15. Qd3 Nd6 16. Qxg6 fxg6 17. Bxd6 cxd6 18. Re7 Rf7 19. Rae1 Kf8 20. R7e6 Rd8 21. f3 Rfd7 22. Kf2 Kf7 23. R6e4 h6 24. Rf4+ Kg8 25. Rfe4 g5 26. h4 gxh4 27. Rxh4 d5 28. Rf4 Rf7 29. Rg4 g5 30. Kg3 Kg7 31. f4 Kg6 32. fxg5 hxg5 33. Re5 Rf5 34. Re6+ Kf7 35. Rh6 Re8 36. Rh7+ Kg6 37. Rxb7 Re3+ 38. Kh2 Rxc3 39. Rxa7 Rc2 40. Rc7 Kh5 41. Rg3 Rf4 0-1

[Event "December 19 Early 2023"]
[Site "https://www.chess.com"]
[Date "2023.12.19"]
[Round "11"]
[White "Ernst, Luca"]
[Black "Kraus, Tomas"]
[Result "1-0"]
[Board "115"]
[TimeControl "180+1"]
[WhiteFideId "45117055"]
[BlackFideId "331708"]
[WhiteElo "1973"]
[BlackElo "2371"]
[WhiteTeam "FRA"]
[BlackTeam "CZE"]
[WhiteClock "0:00:11"]
[BlackClock "0:00:00"]

1. e4 c5 2. Nf3 e6 3. d4 cxd4 4. Nxd4 a6 5. Nc3 Qc7 6. g3 b5 7. Bg2 Bb7 8. a3 Nc6 9. Nxc6 dxc6 10. Be3 Rd8 11. Qe2 c5 12. O-O Nf6 13. Bf4 e5 14. Bg5 Be7 15. Rfd1 O-O 16. Rxd8 Rxd8 17. Rd1 h6 18. Bxf6 Bxf6 19. Nd5 Bxd5 20. exd5 c4 21. Be4 Rd6 22. c3 Qc5 23. Qf3 Qc8 24. h4 g5 25. hxg5 Bxg5 26. Kg2 Rf6 27. Qh5 Qc5 28. Qe2 a5 29. Bf3 b4 30. axb4 axb4 31. Qxe5 bxc3 32. bxc3 Qa3 33. d6 Re6 34. Qd4 Qa2 35. d7 Bd8 36. Bd5 Rf6 37. Bxc4 Qc2 38. Rd2 Qc1 39. Bf1 Qe1 40. Qe3 Qc1 41. Qe8+ Kg7 42. Re2 Qxc3 43. Qxd8 Qc6+ 44. Kg1 Qf3 45. Qb8 Rf5 46. d8=Q Rh5 47. Qh4 Rxh4 48. gxh4 Qg4+ 49. Qg3 Qxg3+ 50. fxg3 f5 51. Bh3 Kg6 52. Rf2 f4 53. Rxf4 h5 54. Ra4 1-0

[Event "December 19 Early 2023"]
[Site "https://www.chess.com"]
[Date "2023.12.19"]
[Round "11"]
[White "Koridze, Lile"]
[Black "Topalov, Aleksandar"]
[Result "1/2-1/2"]
[Board "116"]
[TimeControl "180+1"]
[WhiteFideId "13612514"]
[BlackFideId "925659"]
[WhiteElo "2061"]
[BlackElo "2151"]
[WhiteTeam "GEO"]
[BlackTeam "SRB"]
[WhiteClock "0:00:30"]
[BlackClock "0:00:39"]

1. d4 Nf6 2. c4 c5 3. d5 d6 4. Nc3 g6 5. e4 Bg7 6. Nf3 O-O 7. Be2 e6 8. dxe6 Bxe6 9. O-O Bg4 10. Bf4 Re8 11. h3 Bxf3 12. Bxf3 Nc6 13. Qxd6 Qb6 14. Nd5 Nxd5 15. cxd5 Nd4 16. Qxb6 axb6 17. Be3 Nxf3+ 18. gxf3 Bxb2 19. Rab1 Rxa2 20. Bc1 Bd4 21. Rxb6 f5 22. Rxb7 fxe4 23. fxe4 Rxe4 24. d6 Bf6 25. d7 Rd4 26. Be3 Rd5 27. Rc1 Ra5 28. Re1 Ra8 29. Bh6 Re5 30. Rd1 Rd8 31. Rc7 Kf7 32. Be3 Be7 33. Rc1 Ke6 34. Bxc5 Bxc5 35. R1xc5 Rxc5 36. Rxc5 Rxd7 37. Kg2 1/2-1/2

[Event "December 19 Early 2023"]
[Site "https://www.chess.com"]
[Date "2023.12.19"]
[Round "11"]
[White "Szyszylo, Rafal"]
[Black "Petrukhina, Olga"]
[Result "1-0"]
[Board "117"]
[TimeControl "180+1"]
[WhiteFideId "1109626"]
[BlackFideId "13703935"]
[WhiteElo "1951"]
[BlackElo "1991"]
[WhiteTeam "POL"]
[BlackTeam "KAZ"]
[WhiteClock "0:00:03"]
[BlackClock "0:00:01"]

1. e4 e6 2. d4 d5 3. e5 c5 4. c3 Nc6 5. Nf3 Bd7 6. dxc5 Nge7 7. Bd3 Ng6 8. Bxg6 hxg6 9. b4 Qc7 10. Qe2 Rh5 11. Bf4 Be7 12. O-O g5 13. Bg3 O-O-O 14. b5 Na5 15. c6 bxc6 16. bxc6 Nxc6 17. Nd4 Rhh8 18. Nd2 Bc5 19. N2b3 Bb6 20. a4 Na5 21. Nxa5 Bxa5 22. Nb5 Bxb5 23. Qxb5 Qb6 24. Qd3 Rd7 25. Rab1 Qc6 26. Rb5 Bc7 27. Rfb1 Qc4 28. Qe3 Bb6 29. Rxb6 axb6 30. Qxb6 Qc7 31. Qa6+ Kd8 32. h3 Ke7 33. Qd3 Rc8 34. Qd2 f6 35. exf6+ gxf6 36. Bxc7 Rcxc7 37. Qd3 Rc6 38. Qg6 Rdc7 39. Qg7+ Kd6 40. Qxf6 Rxc3 41. Re1 Rc1 42. Qxe6+ Kc5 43. Rxc1+ 1-0

[Event "December 19 Early 2023"]
[Site "https://www.chess.com"]
[Date "2023.12.19"]
[Round "11"]
[White "Golubenko, Valentina"]
[Black "Bach Ngoc Thuy Duong"]
[Result "1-0"]
[Board "118"]
[TimeControl "180+1"]
[WhiteFideId "4501993"]
[BlackFideId "12408956"]
[WhiteElo "2126"]
[BlackElo "1970"]
[WhiteTeam "CRO"]
[BlackTeam "VIE"]
[WhiteClock "0:00:12"]
[BlackClock "0:00:14"]

1. e4 c5 2. Nf3 d6 3. c3 Nf6 4. Qc2 Bg4 5. Be2 Nc6 6. O-O g6 7. h3 Bxf3 8. Bxf3 Bg7 9. Rd1 Nd7 10. d3 O-O 11. Be3 Rc8 12. Nd2 b5 13. Be2 b4 14. f4 a5 15. Rf1 a4 16. a3 bxc3 17. bxc3 Qa5 18. Rac1 Rb8 19. Nc4 Qa8 20. f5 Rb3 21. Bd2 Na5 22. Ne3 Rfb8 23. Nd5 Kf8 24. Bg5 f6 25. fxg6 hxg6 26. Bg4 Ne5 27. Nc7 Qb7 28. Ne6+ Kg8 29. Bf4 Nxg4 30. hxg4 Qd7 31. Nxg7 Kxg7 32. Qe2 Rb2 33. Rc2 Rxc2 34. Qxc2 Rb3 35. Qe2 Rxc3 36. Rf3 Rb3 37. Rh3 Rxa3 38. Bh6+ Kf7 39. Bc1 Ra1 40. Qb2 Nb3 41. Rh7+ Kg8 42. Rh3 Rxc1+ 43. Kh2 Qxg4 44. Qf2 g5 45. Rg3 Qf4 46. Qxf4 1-0

[Event "December 19 Early 2023"]
[Site "https://www.chess.com"]
[Date "2023.12.19"]
[Round "11"]
[White "Leve, Nitai"]
[Black "Fernandez Siles, Luis"]
[Result "0-1"]
[Board "119"]
[TimeControl "180+1"]
[WhiteFideId "2006898"]
[BlackFideId "2209420"]
[WhiteElo "2144"]
[BlackElo "2195"]
[WhiteTeam "USA"]
[BlackTeam "ESP"]
[WhiteClock "0:00:00"]
[BlackClock "0:00:35"]

1. d4 Nf6 2. c4 g6 3. Nc3 d5 4. cxd5 Nxd5 5. e4 Nxc3 6. bxc3 Bg7 7. Nf3 c5 8. Be3 O-O 9. Be2 Nd7 10. O-O Qc7 11. Rb1 b6 12. Qd2 e6 13. Bh6 Bb7 14. Bxg7 Kxg7 15. d5 exd5 16. exd5 Rad8 17. c4 Rfe8 18. Rfe1 f6 19. Rb3 Ne5 20. Re3 Bc8 21. Qb2 Ng4 22. Rxe8 Rxe8 23. h3 Ne5 24. Nxe5 Rxe5 25. Kf1 Bf5 26. Qa3 Qe7 27. Qc3 h5 28. g4 hxg4 29. hxg4 Bd7 30. Bf3 Rxe1+ 31. Qxe1 Kf7 32. Qxe7+ Kxe7 33. Ke2 Kd6 34. Be4 f5 35. gxf5 gxf5 36. Bc2 Ke5 37. Ke3 f4+ 38. Kd3 Bf5+ 39. Kc3 Bd7 40. Bb1 b5 41. Bd3 b4+ 42. Kd2 a5 43. Bc2 Kd4 44. Bd3 a4 45. Ke2 b3 46. axb3 axb3 47. d6 b2 48. Bb1 Kxc4 49. Kf3 Kc3 50. Kxf4 Kd2 51. Ke5 c4 52. f4 c3 53. f5 c2 0-1

[Event "December 19 Early 2023"]
[Site "https://www.chess.com"]
[Date "2023.12.19"]
[Round "11"]
[White "Semenova, Alina"]
[Black "Bon, Michael"]
[Result "1-0"]
[Board "120"]
[TimeControl "180+1"]
[WhiteFideId "24113875"]
[BlackFideId "620696"]
[WhiteElo "1827"]
[BlackElo "2368"]
[WhiteTeam "RUS"]
[BlackTeam "FRA"]
[WhiteClock "0:00:40"]
[BlackClock "0:00:00"]

1. e4 e6 2. d4 d5 3. exd5 exd5 4. Nf3 Bd6 5. Bd3 Ne7 6. O-O O-O 7. c3 Bf5 8. Bg5 f6 9. Bh4 Qd7 10. Bg3 Bxd3 11. Qxd3 Nf5 12. Nbd2 Nxg3 13. hxg3 c6 14. Rfe1 Na6 15. Nf1 Rae8 16. Ne3 g6 17. a4 Nc7 18. Re2 Rf7 19. Rae1 Rfe7 20. Nf1 Rxe2 21. Rxe2 Rxe2 22. Qxe2 Qe7 23. Qxe7 Bxe7 24. Ne3 Kf7 25. Kf1 Ne6 26. Ke2 h6 27. Kd3 Bd6 28. b4 Nc7 29. Nd2 f5 30. Nb3 b6 31. b5 cxb5 32. axb5 Ke6 33. c4 Be7 34. Nd2 Bb4 35. Ndf1 Be1 36. cxd5+ Nxd5 37. Nxd5 Kxd5 38. Ne3+ Kd6 39. Ke2 Bc3 40. Nc2 Kd5 41. Kd3 Ba5 42. f3 g5 43. g4 fxg4 44. fxg4 Kd6 45. Ke4 Bd2 46. Na3 Bf4 47. Nc4+ Ke6 48. Nb2 Kd6 49. Nd3 Bg3 50. Nb4 Kc7 51. Nd5+ Kb7 52. Nb4 a5 53. bxa6+ Ka7 54. d5 Be1 55. Nd3 Bg3 56. Nb4 Be1 57. Nc6+ Kxa6 58. d6 Kb7 59. d7 Kxc6 60. d8=Q Kb5 61. Qd3+ Kc6 62. Qc2+ Kb7 63. Kf5 Ba5 64. Kg6 b5 65. Kxh6 Bd8 66. Qb3 Kc6 67. Qe6+ Kc7 68. Kg6 b4 69. Qc4+ Kd7 70. Qxb4 Be7 71. Qd4+ Ke8 72. Qe5 Kf8 73. Qe6 Ke8 74. Kg7 Kd8 75. Kf7 Bc5 76. Qd5+ 1-0

[Event "December 19 Early 2023"]
[Site "https://www.chess.com"]
[Date "2023.12.19"]
[Round "11"]
[White "Kolmagorov, Alexey"]
[Black "Piddubna, Bozhena"]
[Result "1/2-1/2"]
[Board "121"]
[TimeControl "180+1"]
[WhiteFideId "34129402"]
[BlackFideId "34109293"]
[WhiteElo "1989"]
[BlackElo "1874"]
[WhiteTeam "RUS"]
[BlackTeam "UKR"]
[WhiteClock "0:00:04"]
[BlackClock "0:00:05"]

1. Nf3 Nf6 2. c4 e6 3. g3 b6 4. Bg2 Bb7 5. O-O Be7 6. d4 O-O 7. Re1 Ne4 8. Qc2 f5 9. Nfd2 d5 10. f3 Nf6 11. b3 Nbd7 12. Bb2 Rc8 13. e4 c5 14. exf5 exf5 15. Qxf5 dxc4 16. Nxc4 cxd4 17. Bxd4 Kh8 18. Qd3 Ba6 19. Qe3 Bb4 20. Rd1 Bxc4 21. bxc4 Qc7 22. Nd2 Bxd2 23. Qxd2 Qxc4 24. Rac1 Qf7 25. Bb2 Nc5 26. Ba3 h6 27. Bxc5 bxc5 28. Qa5 Rfe8 29. Rc2 c4 30. Rdc1 Re7 31. Bh3 Rcc7 32. Qb5 Nd5 33. Rxc4 Rxc4 34. Qxc4 Qxf3 35. Bg2 Qe3+ 36. Kh1 Nf6 37. Qc8+ Kh7 38. Qf5+ Kh8 39. Rc8+ Re8 40. Rxe8+ Qxe8 41. h3 Qe1+ 42. Kh2 Qe8 43. Qa5 Qd7 44. Qa3 Kh7 45. Qa6 Qd4 46. a4 h5 47. Qb7 h4 48. gxh4 Qf4+ 49. Kh1 Qc1+ 50. Kh2 Qf4+ 51. Kg1 Qc1+ 52. Kh2 Qf4+ 1/2-1/2

[Event "December 19 Early 2023"]
[Site "https://www.chess.com"]
[Date "2023.12.19"]
[Round "11"]
[White "Nery Junior, Jose Antonio"]
[Black "Negron Lizarazo, Juan Sebastian"]
[Result "1-0"]
[Board "122"]
[TimeControl "180+1"]
[WhiteFideId "2104822"]
[BlackFideId "3936910"]
[WhiteElo "2197"]
[BlackElo "1647"]
[WhiteTeam "BRA"]
[BlackTeam "COL"]
[WhiteClock "0:01:21"]
[BlackClock "0:01:04"]

1. e4 c5 2. Nf3 d6 3. d4 cxd4 4. Nxd4 Nf6 5. Nc3 a6 6. Bg5 e6 7. Qd2 Be7 8. f3 Qc7 9. Be3 e5 10. Nf5 Bxf5 11. exf5 Nbd7 12. O-O-O O-O 13. g4 b5 14. g5 Ne8 15. Nd5 Qd8 16. f6 gxf6 17. gxf6 Ndxf6 18. Bh6 Nxd5 19. Rg1+ Kh8 20. Qxd5 Rg8 21. Bxb5 Bg5+ 22. Bxg5 Rxg5 23. Bxe8 Rxg1 24. Rxg1 Qxe8 25. Qxd6 Qe6 26. Qxe6 fxe6 27. Rg5 Rf8 28. Rxe5 Rxf3 29. Rxe6 Rf2 30. h4 Rf4 31. h5 Rf5 32. h6 Kg8 33. Rxa6 Kf7 34. b4 Rb5 35. c3 Rb7 36. Kb2 Re7 37. Kb3 Re1 38. a4 Re4 39. b5 Re1 40. Rd6 Ke7 41. Rd4 Kf6 42. Kb4 Kg6 43. Rd6+ Kg5 44. b6 Kh5 45. a5 Kg5 46. a6 Ra1 47. a7 Rb1+ 48. Kc5 Ra1 49. b7 Rxa7 50. b8=Q Ra5+ 51. Qb5 1-0

[Event "December 19 Early 2023"]
[Site "https://www.chess.com"]
[Date "2023.12.19"]
[Round "11"]
[White "Yushko, Olga"]
[Black "Kostiukov, Alexandr"]
[Result "0-1"]
[Board "123"]
[TimeControl "180+1"]
[WhiteFideId "14114500"]
[BlackFideId "14108100"]
[WhiteElo "1891"]
[BlackElo "2112"]
[WhiteTeam "UKR"]
[BlackTeam "UKR"]
[WhiteClock "0:00:10"]
[BlackClock "0:00:30"]

1. d4 g6 2. c4 Bg7 3. Nf3 d6 4. Bg5 h6 5. Bh4 g5 6. Bg3 f5 7. e3 Nf6 8. Nc3 Nc6 9. Bd3 e6 10. O-O Qe7 11. a3 O-O 12. b4 e5 13. b5 e4 14. bxc6 bxc6 15. Be2 exf3 16. Bxf3 Bd7 17. Rb1 Rfb8 18. Qa4 Qe8 19. Rxb8 Rxb8 20. Qxa7 Qc8 21. Qa4 c5 22. Bc6 cxd4 23. exd4 f4 24. c5 dxc5 25. dxc5 Bxc6 26. Qxc6 Qd7 27. Qa6 fxg3 28. hxg3 Nd5 29. Ne4 Qf7 30. c6 Re8 31. Nc5 Bd4 32. Nd7 Re1 33. Qd3 Qxf2+ 34. Kh2 Rxf1 35. Qg6+ Bg7 36. Qe8+ Kh7 37. Qe4+ Qf5 0-1

[Event "December 19 Early 2023"]
[Site "https://www.chess.com"]
[Date "2023.12.19"]
[Round "11"]
[White "Mesa Cruz, Juan Carlos"]
[Black "Sailer, Mike"]
[Result "0-1"]
[Board "124"]
[TimeControl "180+1"]
[WhiteFideId "6423400"]
[BlackFideId "2012901"]
[WhiteElo "2142"]
[BlackElo "2109"]
[WhiteTeam "DOM"]
[BlackTeam "USA"]
[WhiteClock "0:00:56"]
[BlackClock "0:02:03"]

1. e4 d5 2. exd5 Qxd5 3. Nc3 Qd6 4. g3 c6 5. d3 Nf6 6. Bg2 Bf5 7. Nf3 e6 8. Bf4 Qd8 9. O-O Bd6 10. Ne5 Qc7 11. d4 O-O 12. h3 h6 13. Qd2 Nbd7 14. g4 Bh7 15. Rae1 Nb6 16. Bg3 Nbd5 17. Nxd5 cxd5 18. c3 Ne4 19. Bxe4 Bxe4 20. f3 Bh7 21. f4 Be4 22. Rf2 b5 23. Nd3 a5 24. Rfe2 Rab8 25. Nf2 Bf3 26. Re3 Bxf4 27. Bxf4 Qxf4 28. Qd3 Qg3+ 0-1

[Event "December 19 Early 2023"]
[Site "https://www.chess.com"]
[Date "2023.12.19"]
[Round "11"]
[White "Levine, David"]
[Black "Filippova, Margarita"]
[Result "0-1"]
[Board "125"]
[TimeControl "180+1"]
[WhiteFideId "2011611"]
[BlackFideId "34199680"]
[WhiteElo "2053"]
[BlackElo "1916"]
[WhiteTeam "USA"]
[BlackTeam "RUS"]
[WhiteClock "0:01:41"]
[BlackClock "0:01:23"]

1. d4 d5 2. c4 e6 3. g3 Nf6 4. Bg2 Be7 5. Nf3 O-O 6. O-O dxc4 7. Na3 Bxa3 8. bxa3 Nc6 9. Rb1 a6 10. a4 Re8 11. Bb2 b5 12. Qc2 Bb7 13. Qd2 b4 14. Qf4 c3 15. Bc1 a5 16. e4 Nxd4 17. Rd1 Ne2+ 0-1

[Event "December 19 Early 2023"]
[Site "https://www.chess.com"]
[Date "2023.12.19"]
[Round "11"]
[White "Kornyukov, Alexey"]
[Black "Lopusiewicz, Piotr"]
[Result "0-1"]
[Board "126"]
[TimeControl "180+1"]
[WhiteFideId "4150457"]
[BlackFideId "1116029"]
[WhiteElo "2352"]
[BlackElo "2286"]
[WhiteTeam "RUS"]
[BlackTeam "POL"]
[WhiteClock "0:00:00"]
[BlackClock "0:01:21"]

1. e4 c5 2. Nf3 e6 3. c3 d5 4. exd5 exd5 5. d4 Nf6 6. Bb5+ Bd7 7. Bxd7+ Nbxd7 8. O-O Be7 9. dxc5 Nxc5 10. Bg5 O-O 11. Re1 h6 12. Bh4 Re8 13. Nd4 Qd7 14. Nd2 Nd3 15. Re3 Nxb2 16. Qc2 Nc4 17. Nxc4 dxc4 18. Nf5 Nd5 19. Nxh6+ gxh6 20. Rg3+ Bg5 21. Bxg5 hxg5 22. Rxg5+ Kf8 23. Qh7 Ke7 24. Re1+ Kd6 25. Qh6+ Re6 26. Rxe6+ Qxe6 27. Qxe6+ fxe6 28. h4 Nxc3 29. h5 Nd5 30. Rg4 Rc8 31. h6 c3 32. Kh2 c2 33. h7 c1=Q 34. Rg8 Qh6+ 0-1

[Event "December 19 Early 2023"]
[Site "https://www.chess.com"]
[Date "2023.12.19"]
[Round "11"]
[White "Deveci, Huseyin Said"]
[Black "Kahlert, Thomas"]
[Result "1/2-1/2"]
[Board "127"]
[TimeControl "180+1"]
[WhiteFideId "26322455"]
[BlackFideId "4625242"]
[WhiteElo "1954"]
[BlackElo "2221"]
[WhiteTeam "TUR"]
[BlackTeam "GER"]
[WhiteClock "0:02:30"]
[BlackClock "0:02:15"]

1. e4 e5 2. Nf3 Nc6 3. Bb5 a6 4. Bxc6 dxc6 5. O-O Bd6 6. d4 exd4 7. Qxd4 f6 8. Nc3 Ne7 9. e5 fxe5 10. Nxe5 Be6 11. Bg5 O-O 12. Rad1 Nf5 13. Bxd8 Nxd4 14. Rxd4 Bxe5 15. Re4 Bxc3 16. Rxe6 Raxd8 17. bxc3 Rd2 18. Re7 Rf7 19. Re8+ Rf8 20. Re7 Rxc2 21. Rxc7 Rxa2 22. Rxb7 Rc2 23. Rb6 Rxc3 24. Rxa6 h6 25. h3 Rf6 26. Re1 Rc2 27. Rf1 Kh7 28. g3 Kg6 29. Kg2 c5 30. Rxf6+ Kxf6 31. Kf3 Rc3+ 32. Ke4 Ke6 33. Ra1 Rc4+ 34. Kd3 Rd4+ 35. Ke3 Rb4 36. Ra7 Kf6 37. Rc7 Rc4 38. Kd3 Rc1 39. Kd2 Rc4 40. Kd3 Rc1 41. Kd2 Rc4 42. Kd3 1/2-1/2

[Event "December 19 Early 2023"]
[Site "https://www.chess.com"]
[Date "2023.12.19"]
[Round "11"]
[White "Fernandez Hernandez, Gerardo"]
[Black "Gurevich, Dmitry"]
[Result "0-1"]
[Board "128"]
[TimeControl "180+1"]
[WhiteFideId "2207400"]
[BlackFideId "2000407"]
[WhiteElo "2264"]
[BlackElo "2506"]
[WhiteTeam "ESP"]
[BlackTeam "USA"]
[WhiteClock "0:00:00"]
[BlackClock "0:00:13"]

1. e4 c5 2. d3 d5 3. Nd2 Nf6 4. Ngf3 Nc6 5. g3 e5 6. Bg2 Be7 7. O-O O-O 8. exd5 Nxd5 9. Re1 f6 10. c3 Kh8 11. Nh4 g5 12. Nhf3 Bf5 13. Ne4 Qd7 14. Nfd2 Rad8 15. a4 Nc7 16. Bf1 Ne6 17. Qh5 Bg6 18. Qh6 Rf7 19. Nc4 b6 20. Qh3 f5 21. Ned2 g4 22. Qg2 Bf6 23. f3 h5 24. fxg4 hxg4 25. h3 gxh3 26. Qxh3+ Kg7 27. Qg2 Ng5 28. Nf3 Nxf3+ 29. Qxf3 Re8 30. Bg2 Nd8 31. Qd5 Qxd5 32. Bxd5 Rd7 33. Bg2 Ree7 34. Bf1 Nf7 35. Bd2 Re8 36. Rab1 Red8 37. Rbd1 Bh5 38. Rc1 Bg4 39. Kg2 Rxd3 0-1

[Event "December 19 Early 2023"]
[Site "https://www.chess.com"]
[Date "2023.12.19"]
[Round "11"]
[White "Bach, Matthias"]
[Black "Khodabandeh, Milad"]
[Result "1-0"]
[Board "129"]
[TimeControl "180+1"]
[WhiteFideId "4603168"]
[BlackFideId "12538620"]
[WhiteElo "2130"]
[BlackElo "1846"]
[WhiteTeam "GER"]
[BlackTeam "IRI"]
[WhiteClock "0:01:27"]
[BlackClock "0:00:08"]

1. d4 d5 2. c4 c6 3. Nc3 Nf6 4. Nf3 dxc4 5. e4 b5 6. Be2 e6 7. O-O Bb7 8. Rb1 Nbd7 9. b3 b4 10. bxc4 Qc7 11. e5 bxc3 12. exf6 Nxf6 13. Qb3 Rb8 14. Qxc3 c5 15. d5 exd5 16. cxd5 Nxd5 17. Bb5+ Kd8 18. Rd1 f6 19. Bc4 Qf7 20. Qd3 Bd6 21. Bxd5 Bxd5 22. Rxb8+ Bxb8 23. Qxd5+ Qxd5 24. Rxd5+ Ke7 25. Ba3 Bd6 26. Bxc5 Bxc5 27. Rxc5 Rb8 28. g3 Rb1+ 29. Kg2 Rb7 30. Nd4 Kd6 31. Ra5 g6 32. Rxa7 Rxa7 33. Nb5+ Kc5 34. Nxa7 Kb4 35. Nc6+ Ka3 36. Kf3 Kxa2 37. Ke4 Kb3 38. Kd5 Kc3 39. Ke6 Kd3 40. Kxf6 Ke2 41. f4 Kf3 42. Kg7 Kg2 43. Kxh7 Kxh2 44. Kxg6 Kxg3 45. f5 Kf4 46. f6 Ke4 47. f7 Kd5 48. f8=Q Kxc6 49. Kf6 Kd5 1-0

[Event "December 19 Early 2023"]
[Site "https://www.chess.com"]
[Date "2023.12.19"]
[Round "11"]
[White "Zhuk, Valeriy"]
[Black "Vila Dupla, Aurelio"]
[Result "1-0"]
[Board "130"]
[TimeControl "180+1"]
[WhiteFideId "24151254"]
[BlackFideId "2203383"]
[WhiteElo "2148"]
[BlackElo "2009"]
[WhiteTeam "RUS"]
[BlackTeam "ESP"]
[WhiteClock "0:00:42"]
[BlackClock "0:00:00"]

1. Nf3 Nf6 2. c4 g6 3. Nc3 d5 4. cxd5 Nxd5 5. Qb3 c6 6. d4 Bg7 7. e4 Nxc3 8. bxc3 O-O 9. h4 Qb6 10. h5 Be6 11. Bc4 Bxc4 12. Qxc4 Qa6 13. Qe2 c5 14. hxg6 hxg6 15. Bh6 cxd4 16. cxd4 Qxe2+ 17. Kxe2 Nc6 18. Bxg7 Kxg7 19. d5 Nb4 20. Rab1 Nxa2 21. Rxb7 a5 22. Rxe7 a4 23. Ne5 a3 24. Nc4 Nc3+ 25. Kd3 a2 26. Ra1 Nd1 27. e5 Nxf2+ 28. Kd4 Ng4 29. d6 Ra4 30. d7 Rd8 31. Kd5 1-0

[Event "December 19 Early 2023"]
[Site "https://www.chess.com"]
[Date "2023.12.19"]
[Round "11"]
[White "Vigoa Apecheche, Yanira"]
[Black "Cramling Bellon, Anna"]
[Result "1-0"]
[Board "131"]
[TimeControl "180+1"]
[WhiteFideId "3507041"]
[BlackFideId "32009232"]
[WhiteElo "2276"]
[BlackElo "1976"]
[WhiteTeam "USA"]
[BlackTeam "SWE"]
[WhiteClock "0:00:41"]
[BlackClock "0:00:00"]

1. d4 d5 2. Nf3 c5 3. c3 Nc6 4. Bf4 Nf6 5. e3 Qb6 6. Qb3 c4 7. Qxb6 axb6 8. Be2 b5 9. O-O b4 10. cxb4 Nxb4 11. Nc3 Bd7 12. Ne5 e6 13. Bf3 Be7 14. h3 Rg8 15. a3 Nc6 16. Nxd7 Kxd7 17. Rad1 g5 18. Bg3 h5 19. e4 h4 20. Be5 g4 21. hxg4 Nxg4 22. exd5 Ncxe5 23. dxe5 Bc5 24. dxe6+ Kxe6 25. Bd5+ Ke7 26. Ne4 Bb6 27. Bxc4 h3 28. g3 Nxe5 29. Be2 h2+ 30. Kxh2 f5 31. Nc3 Rh8+ 32. Kg2 Ng4 33. Bxg4 fxg4 34. Nd5+ Kf7 35. Nxb6 Rae8 36. Rh1 Rhg8 37. Rh7+ 1-0

[Event "December 19 Early 2023"]
[Site "https://www.chess.com"]
[Date "2023.12.19"]
[Round "11"]
[White "Shapiro, Daniel"]
[Black "Kuhn, Clement"]
[Result "0-1"]
[Board "132"]
[TimeControl "180+1"]
[WhiteFideId "2001780"]
[BlackFideId "36099775"]
[WhiteElo "2304"]
[BlackElo "2251"]
[WhiteTeam "USA"]
[BlackTeam "FRA"]
[WhiteClock "0:00:00"]
[BlackClock "0:01:04"]

1. d4 e6 2. c4 Nf6 3. g3 Bb4+ 4. Bd2 Be7 5. Nf3 O-O 6. Bg2 d5 7. Qc2 b6 8. O-O Bb7 9. Bf4 dxc4 10. Qxc4 Nd5 11. Ne5 f6 12. Nd3 Nc6 13. a3 Na5 14. Qa2 Kh8 15. Rd1 Ba6 16. Nc3 Bc4 17. Qb1 Nb3 18. Nxd5 exd5 19. Qc2 Nxd4 20. Qd2 Nb3 21. Qe3 Nxa1 22. Rxa1 Bd6 23. h4 Re8 24. Qd4 c5 25. Qc3 Bxd3 26. Qxd3 Bxf4 27. gxf4 Qd6 28. Bxd5 Rad8 29. e4 Qxf4 30. Qg3 Qxg3+ 31. fxg3 f5 32. Re1 fxe4 33. Bc6 Re7 34. Kf2 e3+ 35. Rxe3 Rxe3 36. Kxe3 Kg8 37. Ke4 Kf7 38. Bd5+ Kf6 39. g4 g5 40. h5 h6 41. b4 Re8+ 42. Kd3 Ke5 43. Bf7 Rd8+ 44. Kc4 cxb4 45. axb4 Rd4+ 46. Kb5 Rxg4 0-1

[Event "December 19 Early 2023"]
[Site "https://www.chess.com"]
[Date "2023.12.19"]
[Round "11"]
[White "Sanchez Alvares, Kelvin Antonio"]
[Black "Mende, Andreas"]
[Result "0-1"]
[Board "133"]
[TimeControl "180+1"]
[WhiteFideId "3906680"]
[BlackFideId "4631102"]
[WhiteElo "2217"]
[BlackElo "2095"]
[WhiteTeam "VEN"]
[BlackTeam "GER"]
[WhiteClock "0:00:00"]
[BlackClock "0:00:58"]

1. e4 c5 2. Nf3 Nc6 3. d4 cxd4 4. Nxd4 Nf6 5. Nc3 e5 6. Ndb5 d6 7. Bg5 a6 8. Na3 b5 9. Nd5 Be7 10. Bxf6 Bxf6 11. c4 b4 12. Nc2 a5 13. g3 O-O 14. Bg2 Bg5 15. O-O Be6 16. b3 Qb8 17. f4 Bd8 18. f5 Bxd5 19. exd5 Nd4 20. Kh1 Nxc2 21. Qxc2 Bf6 22. Be4 Qb6 23. Rac1 a4 24. c5 dxc5 25. Qxc5 Qxc5 26. Rxc5 axb3 27. axb3 Ra3 28. Rf3 Rd8 29. Rd3 Be7 30. Rc7 Bd6 31. Rb7 Ra1+ 32. Kg2 Ra2+ 33. Kh3 Re2 34. Bf3 Re1 35. Rd2 e4 36. Be2 Be5 37. d6 Bc3 38. Rd1 Rxe2 39. d7 Rd2 0-1

[Event "December 19 Early 2023"]
[Site "https://www.chess.com"]
[Date "2023.12.19"]
[Round "11"]
[White "Cansun, Can Alp"]
[Black "Kiseleva, Arina"]
[Result "1/2-1/2"]
[Board "134"]
[TimeControl "180+1"]
[WhiteFideId "6390188"]
[BlackFideId "4164989"]
[WhiteElo "2031"]
[BlackElo "1740"]
[WhiteTeam "TUR"]
[BlackTeam "RUS"]
[WhiteClock "0:00:03"]
[BlackClock "0:00:02"]

1. d4 Nf6 2. c4 e6 3. Nf3 Bb4+ 4. Bd2 Bxd2+ 5. Nbxd2 O-O 6. e4 c5 7. Bd3 Nc6 8. d5 exd5 9. cxd5 Nb4 10. Bb1 b6 11. O-O Ba6 12. Re1 Nd3 13. Re3 c4 14. Nxc4 Bxc4 15. Bxd3 Bxd3 16. Qxd3 d6 17. Rc1 Rc8 18. Ree1 Re8 19. Rxc8 Qxc8 20. Nd2 h5 21. Nc4 Qd7 22. f3 h4 23. Kf2 h3 24. g3 Rc8 25. Rc1 b5 26. Nb6 axb6 27. Rxc8+ Qxc8 28. Qxb5 Qc2+ 29. Qe2 Qc5+ 30. Qe3 Qc2+ 31. Qe2 Qb1 32. a3 Qh1 33. Ke3 Qg1+ 34. Kd2 Qd4+ 35. Kc1 Nd7 36. Qf1 Nc5 37. Kc2 Qe3 38. Kb1 Qd2 39. Qxh3 Nd3 40. Qc8+ Kh7 41. Qc2 Qe1+ 42. Ka2 Nc1+ 43. Kb1 Nb3+ 44. Ka2 Nc1+ 45. Kb1 Nb3+ 46. Ka2 Nc1+ 1/2-1/2